← All builds
Geo / Armada / Economy first / OBSERVED BUILD

Standard geo

Armada Geo build order · Supreme Isthmus

Standard Geo economy into T2 constructor and Starlight/Jaguar units sent to front as usual, with support built for teammates along the way.

Usually blows up the commander for T2 (72%)

#eco #t2 #team support · 1325 distinct matches · 234 players · 55% of Armada Geo games · team won 55% of 1545 · Recently observed

HOW TO PLAY IT

Key timing: T2 constructor by 4:55

  1. Open 2 mex and wind, then Bot Lab by 0:35.
  2. Rush geothermal powerplant to fund T2 ahead of other roles.
  3. Get T2 constructor out to start building T2 units.
  4. Add Vehicle Plant and Advanced Geothermal for the T2 push.
  5. Fly first Starlight to front with a transport from Air.

Phase by phase

TYPICAL OF ITS 1325 GAMES
  1. 1
  2. 2
  3. 3
  4. 4
PLAY THE OPENING

Follow the example game's first 6:00 step by step: what to build now, what comes next, and where it goes. At 1× it keeps pace with your own game.

  1. 1

    Up to the Bot Lab

    Economy
    • Metal Extractor3Mex
    • Wind Turbine4Wind
    Order
    1. Bot LabBot Lab after 3 mex, 4 winddone ~1:12, middle half 0:58–1:21

    By 0:55 in all: 3 mex · 4 wind

    The example game in this phase · 2 steps
    1. Mex ×3
    2. Bot LabBot Labnot finished by 15:00 · typical 1:12
  2. 2

    Bot Lab to 5:00

    Economy
    • Metal Extractor2Mex
    • Wind Turbine3Wind
    • Energy Converter8Converter
    • Energy Storage1Energy storage
    Order
    1. Geothermal PowerplantGeo after 4 mex, 5 wind, 1 energy storage
    2. Bot LabEat Bot Lab
    Builders
    • Construction Turret5 Con turret
    • Lazarus4 Lazarus
    • Construction Bot2 Con bot
    • Construction Bot1 Con bot for allies
    • Lazarus1 Lazarus for allies

    By 5:00 in all: 4 mex · 7 wind · 1 geo · 8 converter · 1 energy storage · 5 con turret

    The example game in this phase · 25 steps
    1. Wind ×3
    2. Bot LabBot Labdone 1:12
    3. Construction BotCon bot
    4. Wind ×2
    5. LazarusLazarus
    6. Wind ×4
    7. LazarusLazarus
    8. Mex
    9. Construction BotCon bot
    10. Con turret
    11. Wind
    12. Solar
    13. Wind
    14. Con turret ×2
    15. Wind
    16. Energy storage
    17. Wind ×3
    18. Solar
    19. Advanced Bot LabAdvanced Bot Labdone 4:35
    20. Wind
    21. Bot LabEat Bot Labreclaimed for its metal
    22. Wind ×2
    23. Advanced Construction BotT2 con botfor Geo
    24. Wind
    25. Advanced Construction BotT2 con botfor Air
  3. 3

    5:00 to Vehicle Plant

    Order
    1. Advanced Geothermal PowerplantAdvanced Geothermal Powerplant after 8 wind, 10 converter, 6 con turretin 57% of games
    2. Vehicle PlantVehicle Plant after 9 wind, 10 converter, 6 con turretdone ~7:06, middle half 6:39–7:32

    Some games also: con turret (49%) · converter (49%) · wind (41%)

    By 6:56 in all: 4 mex · 9 wind · 1 geo · 1 Advanced Geothermal Powerplant · 10 converter · 1 energy storage

    The example game in this phase · 12 steps
    1. Wind ×2
    2. Advanced Metal ExtractorT2 mexdone 5:35 · typical 5:38
    3. Wind
    4. Advanced Metal ExtractorT2 mex
    5. Wind
    6. Advanced Metal ExtractorT2 mex
    7. Wind
    8. Converter ×2
    9. Wind
    10. Converter ×3
    11. Energy storage
    12. Advanced Construction BotT2 con botfor Geo sea
  4. 4

    Vehicle Plant to 10:00

    Economy
    • Wind Turbine5Wind
    • Energy Converter4Converter
    Order
    1. Advanced Vehicle PlantAdvanced Vehicle Plant after 10 wind, 11 converter, 6 con turret
    2. Vehicle PlantEat Vehicle Plant
    Builders
    • Construction Vehicle1 Con vehicle
    • Advanced Construction Vehicle1 T2 con vehicle for allies
    Army
    • Starlight2 Starlight
    • Umbra1 Jammer
    • Prophet1 Radar vehicle

    Some games also: con turret (48%) · Jaguar (36%)

    By 10:00 in all: 4 mex · 18 wind · 1 geo · 1 Advanced Geothermal Powerplant · 16 converter · 1 energy storage

    The example game in this phase · 169 steps
    1. ButlerButler
    2. Advanced Metal ExtractorT2 mex
    3. ButlerButler
    4. Wind
    5. Advanced Construction BotT2 con botfor Pond
    6. Wind ×2
    7. ButlerButler
    8. Wind
    9. ButlerButler
    10. Advanced Construction BotT2 con botfor Beach sea
    11. Wind ×3
    12. Advanced Construction BotT2 con botfor Suicide front
    13. Wind ×3
    14. ButlerButler
    15. Wind ×2
    16. ButlerButler
    17. Wind ×2
    18. Con turret
    19. ButlerButler
    20. Wind ×5
    21. ButlerButler
    22. Wind ×2
    23. ButlerButler
    24. Converter
    25. ButlerButler
    26. Wind ×3
    27. ButlerButler
    28. Advanced Construction BotT2 con bot
    29. Wind ×2
    30. Converter ×2
    31. Wind ×4
    32. ButlerButler
    33. Wind ×2
    34. Converter
    35. Wind
    36. Converter
    37. UmbrellaAnti-nukedone 10:17
    38. Wind ×4
    39. Converter ×2
    40. Wind ×14
    41. Converter
    42. Wind
    43. ButlerButler
    44. Wind ×2
    45. Converter ×2
    46. Wind ×5
    47. Converter
    48. Con turret
    49. Wind ×3
    50. Converter
    51. Wind ×5
    52. Con turret
    53. Wind ×2
    54. Converter
    55. Wind ×5
    56. Converter
    57. Wind ×3
    58. Metal storage
    59. Wind ×7
    60. Advanced Bot LabEat Advanced Bot Labreclaimed for its metal
    61. Wind
    62. Converter
    63. Wind ×2
    64. Converter
    65. Wind
    66. Fusion ReactorFusiondone 11:57
    67. Wind
    68. Converter
    69. Wind ×3
    70. Converter
    71. Wind ×9
    72. Converter
    73. Wind ×8
    74. Converter
    75. Wind ×6
    76. Converter ×2
    77. Wind ×6
    78. Con turret
    79. Converter
    80. Wind ×4
    81. Advanced Bot LabAdvanced Bot Labdone 13:05
    82. Wind ×2
    83. Con turret
    84. Wind ×3
    85. Converter
    86. Wind ×2
    87. Converter
    88. Wind
    89. Con turret
    90. Wind ×3
    91. Converter
    92. Wind
    93. Converter
    94. Wind ×3
    95. Converter
    96. Wind
    97. Converter
    98. Wind ×2
    99. Converter
    100. Wind
    101. Converter
    102. Wind ×4
    103. Converter
    104. Wind
    105. Converter ×2
    106. Wind ×3
    107. Converter
    108. Wind ×2
    109. Converter ×2
    110. Wind ×3
    111. Converter
    112. Wind
    113. PlatypusPlatypus
    114. Wind ×2
    115. Converter
    116. Wind ×2
    117. PlatypusPlatypus
    118. Wind
    119. Converter ×2
    120. Wind ×2
    121. PlatypusPlatypus
    122. Converter
    123. Wind ×4
    124. Converter
    125. Wind
    126. Converter
    127. PlatypusPlatypus
    128. Wind ×4
    129. Converter
    130. PlatypusPlatypus
    131. Wind ×4
    132. PlatypusPlatypus
    133. Wind ×2
    134. Converter
    135. Wind ×2
    136. PlatypusPlatypus
    137. Wind ×4
    138. PlatypusPlatypus
    139. Wind
    140. Converter
    141. Wind
    142. PlatypusPlatypus
    143. Wind ×4
    144. PlatypusPlatypus
    145. Wind
    146. Converter
    147. Wind ×2
    148. PlatypusPlatypus
    149. Wind ×2
    150. Converter
    151. Wind
    152. PlatypusPlatypus
    153. Wind ×5
    154. PlatypusPlatypus
    155. Converter
    156. Wind ×4
    157. PlatypusPlatypus
    158. Wind
    159. Converter
    160. Wind ×2
    161. PlatypusPlatypus
    162. Wind ×5
    163. Converter
    164. Wind ×9
    165. Advanced Bot LabEat Advanced Bot Labreclaimed for its metal
    166. Converter
    167. Wind ×2
    168. Fusion ReactorFusion
    169. Wind ×2

Counts are medians over the build's games: half of them build more, half fewer. The example game is mobius1's (32 OS, 04/09/2026); pick another.

Team trades

IN AT LEAST 30% OF ITS GAMES

You hand over

  • Lazarus1 Lazarus to Beach seafirst at 2:17 · in 75% of games
  • Construction Bot1 Con bot to Beach seafirst at 2:27 · in 87% of games
  • Advanced Construction Vehicle1 T2 con vehicle to Suicide front or Frontfirst at 8:47 · in 63% of games

You get

  • Advanced Construction Bot1 T2 con bot from Techfirst at 4:52 · in 94% of games

How it plays out

Typical game of this build, running totals by minute

Metal produced

020k40k
0:005:0010:0015:00

metal

Enemy metal destroyed

05k10k15k
0:005:0010:0015:00

metal

Own metal lost

02k4k6k
0:005:0010:0015:00

metal

1545 games.

Show as table
ByMetal produced: This buildEnemy metal destroyed: This buildOwn metal lost: This build
1:0033300
2:0085900
3:00152700
4:00267000
5:00369400
6:00563600
7:00802500
8:001134700
9:00144064384
10:0017275472194
11:00201231745520
12:002298936181605
13:002573358722970
14:002858682454420
15:0031355102015586
WHAT THE NUMBERS SAY

Standard Geo play wins about half its games while destroying the most enemy metal by 15:00 among the roles shown here.

  • + Enemy metal destroyed jumps to 10560 by 15:00, highest of all six builds.
  • + Starlight makes up 34% of army, delivering the long-range T2 push.
  • − Own metal lost reaches 5977 by 15:00 from the aggressive T2 push.
  • − First Starlight only arrives in 60% of games, a late or inconsistent push.
THE EXAMPLE YOU ARE READING

mobius1

32.2 OS · 04/09/2026

Open source match ↗

1 received units
2012 metal received · 32683 energy received

Allied construction assistance is unknown. Timings are observations, not a promise of solo reproducibility.

Typical milestones

Bot Lab1:12Middle 50%: 0:58–1:21 · n=1544
Geothermal Powerplant3:29Middle 50%: 3:13–3:47 · n=1536
Advanced Metal Extractor5:38Middle 50%: 5:21–6:01 · n=1536
Vehicle Plant7:06Middle 50%: 6:39–7:32 · n=1493
Advanced Geothermal Powerplant7:10Middle 50%: 6:51–7:42 · n=1118
Advanced Vehicle Plant8:01Middle 50%: 7:40–8:33 · n=1428
Starlight9:03Middle 50%: 8:32–9:46 · n=1290

Played most by

0neTw0120games of this buildzeus_on_god118games of this buildXad53games of this buildTheGeneraI46games of this buildViltrum41games of this build
Standard geo · Armada Geo build order · BAR Build Atlas